 Dungeon Crawl Stone Soup version 0.28.0-43-g3370ac3207 (webtiles) character file.

Game seed: 1664393644318642433

3 Kaptain the Digger (level 1, 0/10 HPs)
             Began as a Gargoyle Earth Elementalist on Mar 24, 2022.
             Slain by a quokka (2 damage)
             ... on level 1 of the Dungeon.
             The game lasted 00:00:37 (287 turns).

Kaptain the Digger (Gargoyle Earth Elementalist)     Turns: 287, Time: 00:00:39

Health: 0/10       AC:  5    Str: 11    XL:     1   Next: 50%
Magic:  2/3        EV: 12    Int: 15    God:
Gold:   0          SH:  0    Dex: 10    Spells: 3/4 levels left

rFire   . . .      SeeInvis .   e - +2 whip (drain)
rCold   . . .      Faith    .   (no shield)
rNeg    + . .      Spirit   .   b - +0 robe
rPois   ∞          Reflect  .   d - +0 helmet
rElec   +          Harm     .   (no cloak)
rCorr   .          Rampage  .   (no gloves)
Will    .....                   (no boots)
Stlth   ++........              (no amulet)
HPRegen 0.03/turn               (no ring)
MPRegen 0.08/turn               (no ring)

@: no status effects
A: sickness immunity, AC +2, negative energy resistance 1, electricity
resistance, torment resistance 1, petrification resistance
a: no special abilities


You were on level 1 of the Dungeon.
You visited 1 branch of the dungeon, and saw 1 of its levels.

Inventory:

Hand Weapons
 e - a +2 whip of draining (weapon)
Missiles
 c - 28 stones
Armour
 b - a +0 robe (worn)
 d - a +0 helmet (worn)
Scrolls
 a - a scroll of amnesia {unknown}


   Skills:
 * Level 0.2 Fighting
 + Level 0.1 Armour
 + Level 1.6 Dodging
 - Level 2.1 Stealth
 * Level 2.0 Spellcasting
 * Level 0.2 Conjurations
 - Level 0.7 Transmutations
 * Level 3.7 Earth Magic


You had 3 spell levels left.
You knew the following spells:

 Your Spells              Type           Power      Damage    Failure   Level
a - Sandblast             Erth           24%        2d8       4%          1

Your spell library contained the following spells:

 Spells                   Type           Power      Damage    Failure   Level
 Passwall                 Tmut/Erth      6%         N/A       14%         2
 Stone Arrow              Conj/Erth      14%        3d7       30%         3
 Petrify                  Tmut/Erth      8%         N/A       65%         4


Dungeon Overview and Level Annotations

Branches:
Dungeon (1/15)

Altars:


Innate Abilities, Weirdness & Mutations

You are immune to sickness and miasma.
Your stone body is resilient. (AC +2)
You are immune to poison.
You resist negative energy. (rN+)
You are resistant to electric shocks. (rElec)
You are resistant to unholy torment.
You are immune to petrification.


Message History

You whack the endoplasm!
You kill the endoplasm!
A kobold and a rat come into view.
The rat bites you but does no damage.
You barely miss the rat. The rat barely misses you.
You hit the rat.
You kill the rat!
An endoplasm comes into view.
Found a stone staircase leading down.
You see here a rat corpse.
Found 14 gold pieces.
A ball python comes into view.
The kobold shouts!
The ball python hisses angrily.
There is a stone staircase leading down here.
A giant cockroach and a quokka come into view.
Found a sapphire potion.
The kobold hits you with a +0 short sword.
The ball python bites you but does no damage.
The ball python grabs you. The ball python constricts you.
You closely miss the kobold.
A rat comes into view.
The kobold hits you with a +0 short sword.
The ball python closely misses you. The ball python constricts you.
You closely miss the kobold. The kobold closely misses you.
The ball python bites you. The ball python constricts you.
The kobold hits you with a +0 short sword.
* * * LOW HITPOINT WARNING * * *
You escape the ball python's grasp.
The ball python closely misses you. The ball python grabs you.
The ball python constricts you.
You escape the ball python's grasp.
Casting: Sandblast (safe; 4% risk of failure)
Confirm with . or Enter, or press ? or * to list all spells.
Aiming: Sandblast (safe; 4% risk of failure)
Press: ? - help, Shift-Dir - straight line, f - quokka
Aim: a quokka (71% to hit)
The blast of sand hits the quokka.
The quokka is severely wounded.
The quokka bites you.
You die...

..#.#.# ..#.#.# #.## .#
....#.# #... B...# .[###.#
#..# #.#.# ......# #..# #.#.#
......#######..# #.#.#
#.##...........# #.#.#
........######.#######.#.#
#.##............@rS....#.##.#
#.##....######.####K##......#
........# #.# ##.##>###..#
#.##..#.# #.# #.†...# # #
#..#.# #.# #..##.# #..#.#
#........... #..#.#
....#....#### .. ###.#..... #
.......


You could see a quokka, a ball python and a kobold.

Vanquished Creatures
  An endoplasm (D:1)
  A kobold (D:1)
  A rat (D:1)
3 creatures vanquished.

Notes
Turn   | Place    | Note
-------+----------+-------------------------------------------
     0 | D:1      | Kaptain the Gargoyle Earth Elementalist began the quest for
                  | the Orb.
     0 | D:1      | Reached XP level 1. HP: 10/10 MP: 3/3
   287 | D:1      | Slain by a quokka

Illustrated notes

Levels and vault maps discovered:
D:1:      minmay_arrival_wavy_path, layout_loops_ring,
          ebering_ecumenical_altar_webs

Action                   || total
-------------------------++-------
Melee: Whip              ||     6
 Cast: Sandblast         ||     2
Armor: Robe              ||     2
Dodge: Dodged            ||     4
